AoeStats
← Křovák

Arena

510147166Analyzed
1v1 RM · 3d ago on Sep 29, 2026· 31m 11s· 2 players
Game mode
Random Map
Map size
Tiny (2 player)
Population
200
Speed
Normal
Resources
Standard
Victory
Conquest
Starting age
Dark Age
Ending age
Imperial Age
RankedLock teamsTeams togetherTeam positionsShared explorationLock speedFull tech treeHidden civsTurbo modeCheats
Victory
Defeat
🇨🇿 Vietnamese · Czechia
843
+16
🇺🇦 Spanish · Ukraine
841
-16
Andrii Ihorovych
3:37 Loom
11:35 Feudal Age
13:11 Wheelbarrow
13:31 Horse Collar
13:38 Double-Bit Axe
13:46 Gold Mining
13:46 Stone Mining
20:59 Castle Age
20:06 Town Watch
21:58 Bow Saw
21:51 Heavy Plow
22:46 Hand Cart
26:02 Stone Shaft Mining
26:12 Fletching
26:29 Scale Barding Armor
31:21 Imperial Age
30:27 Masonry
Křovák
9:37 Loom
12:18 Feudal Age
14:44 Double-Bit Axe
17:10 Castle Age
18:27 Bow Saw
18:00 Horse Collar
26:36 Fletching
27:37 Bodkin Arrow
Connection lost

Rejoining the realm…

Still unreachable

The connection could not be restored.

Session expired

The server has moved on; the page needs a fresh start.